 Dungeon Crawl Stone Soup version 0.28.0 (webtiles) character file.

Game seed: 17548445231054898268

68 asishallab the Shield-Bearer (level 4, 0/38 HPs)
             Began as a Draconian Fighter on Feb 7, 2022.
             Slain by a worm (7 damage)
             ... on level 2 of the Dungeon.
             The game lasted 00:04:22 (1392 turns).

asishallab the Shield-Bearer (Draconian Fighter)    Turns: 1392, Time: 00:04:23

Health: 0/38       AC:  6    Str: 20    XL:     4   Next: 1%
Magic:  5/5        EV: 12    Int:  9    God:
Gold:   80         SH:  4    Dex: 10    Spells: 5/5 levels left

rFire   . . .      SeeInvis .   a - +0 war axe
rCold   . . .      Faith    .   b - +0 buckler
rNeg    . . .      Spirit   .   (armour unavailable)
rPois   .          Reflect  .   (helmet restricted)
rElec   .          Harm     .   (no cloak)
rCorr   .          Rampage  .   (no gloves)
Will    .....                   k - +0 pair of boots
Stlth   +.........              (no amulet)
HPRegen 0.12/turn               (no ring)
MPRegen 0.09/turn               (no ring)

@: no status effects
A: AC +5, unfitting armour, cold-blooded
a: no special abilities


You were on level 2 of the Dungeon.
You visited 1 branch of the dungeon, and saw 2 of its levels.

You collected 80 gold pieces.

Inventory:

Hand Weapons
 a - a +0 war axe (weapon)
 j - a +0 mace
Armour
 b - a +0 buckler (worn)
 k - a +0 pair of boots (worn)
Scrolls
 d - a scroll of enchant weapon {unknown}
 f - a scroll of silence {unknown}
 g - a scroll of identify {unknown}
 h - a scroll of amnesia {unknown}
 i - a scroll of immolation {unknown}
Potions
 c - a potion of might
 e - a potion of heal wounds {unknown}


   Skills:
 - Level 3.2 Fighting
 * Level 2.9 Axes
 + Level 3.0 Dodging
 * Level 3.7 Shields
 + Level 1.1 Spellcasting


You had 5 spell levels left.
You didn't know any spells.
Your spell library was empty.

Dungeon Overview and Level Annotations

Branches:
Dungeon (2/15)

Altars:


Innate Abilities, Weirdness & Mutations

Your plain brown scales are hard. (AC +5)
You cannot fit into any form of body armour.
You are cold-blooded and may be slowed by cold attacks.


Message History

You block the giant cockroach's attack.
You hit the worm.
You tail-slap the worm, but do no damage.
The worm is lightly wounded.
You barely miss the giant cockroach. You block the giant cockroach's attack.
The worm bites you.
You are too injured to fight recklessly!
You are too injured to fight recklessly!
You are too injured to fight recklessly!
You are too injured to fight recklessly!
You are too injured to fight recklessly!
You are too injured to fight recklessly!
You are too injured to fight recklessly!
The giant cockroach closely misses you.
You barely miss the giant cockroach. You block the giant cockroach's attack.
You slash the giant cockroach!
You kill the giant cockroach!
You have reached level 4!
You feel clever.
You hit the worm.
The worm is moderately wounded.
You barely miss the worm.
Your tail-slap misses the worm.
The worm is moderately wounded.
The worm bites you.
You slash the worm!
The worm is almost dead.
The worm bites you!
* * * LOW HITPOINT WARNING * * *
You barely miss the worm.
You tail-slap the worm, but do no damage.
The worm is severely wounded.
The worm bites you.
* * * LOW HITPOINT WARNING * * *
You barely miss the worm.
The worm is severely wounded.
The worm barely misses you.
You barely miss the worm. You tail-slap the worm.
The worm is severely wounded.
The worm bites you!
You die...

#..........# ..
#..........#
#......
#..........###.....
#............#....
#............+...
#..........#.#..
#..........# w.#
#..........###.#
#...........w@.#
####........####
...........#
#...........#
#....###+#### #....
#.... ..


You could see a worm.

Vanquished Creatures
  A gnoll (D:1)
  2 adders (D:2)
  A dart slug (D:1)
  5 endoplasms
  A giant cockroach (D:2)
  4 goblins (D:1)
  3 hobgoblins (D:1)
  8 jackals (D:1)
  2 kobolds (D:1)
  A quokka (D:1)
  2 bats (D:1)
  2 rats (D:1)
32 creatures vanquished.

Vanquished Creatures (others)
  A fungus (D:1)
  A plant (D:1)
2 creatures vanquished.

Grand Total: 34 creatures vanquished

Notes
Turn   | Place    | Note
-------+----------+-------------------------------------------
     0 | D:1      | asishallab the Draconian Fighter began the quest for the
                  | Orb.
     0 | D:1      | Reached XP level 1. HP: 19/19 MP: 1/1
   269 | D:1      | Reached XP level 2. HP: 25/26 MP: 2/2
   602 | D:1      | Found a faded altar of an unknown god.
   948 | D:1      | Reached XP level 3. HP: 29/31 MP: 4/4
  1222 | D:1      | Reached skill level 1 in Spellcasting
  1387 | D:2      | Reached XP level 4. HP: 18/38 MP: 5/5
  1392 | D:2      | Slain by a worm

Illustrated notes

Levels and vault maps discovered:
D:1:      psy_arrival_heroes, layout_loops_ring,
          dreamdust_ecumenical_altar_grove
D:2:      layout_basic

Skill      XL: |  1  2  3 |
---------------+----------+-----
Dodging        | 3 |  3.0
Spellcasting   | 1 |  1.1
Fighting       | |  3.2
Axes           | |  2.9
Shields        | |  3.7

Action                   |  1- 3 |  4- 6 || total
-------------------------+-------+-------++-------
Melee: War axe           |    84 |     6 ||    90
       Tailslap          |     5 |     2 ||     7
Armor: Skin              |    24 |       ||    24
Dodge: Dodged            |    65 |     1 ||    66
Block: Buckler           |    25 |       ||    25
